 Dungeon Crawl Stone Soup version 0.30-a0-142-g7370640ec8 (webtiles) character file.

Game seed: 16174381999317767757

186 qw the Chopper (level 5, 0/32 HPs)
             Began as a Gargoyle Fighter on Sept 26, 2022.
             Killed from afar by a dart slug (3 damage)
             ... with a slug dart
             ... on level 3 of the Dungeon.
             The game lasted 00:01:12 (3895 turns).

qw the Chopper (Gargoyle Fighter)                   Turns: 3895, Time: 00:01:13

Health: 0/32       AC: 10    Str: 22    XL:     5   Next: 65%
Magic:  5/5        EV:  9    Int:  8    God:
Gold:   177        SH:  4    Dex:  9    Spells: 4/4 levels left

rFire   . . .      SeeInvis .    Y - +0 war axe (protect)
rCold   . . .      Faith    .    c - +0 buckler
rNeg    + . .      Spirit   .    b - +0 scale mail
rPois   inf        Reflect  .    (no helmet)
rElec   +          Harm     .    (no cloak)
rCorr   .          Rampage  .    (no gloves)
Will    .....                    (no boots)
Stlth   ..........               (no amulet)
HPRegen 0.10/turn                (no ring)
MPRegen 0.09/turn                (no ring)

@: no status effects
A: sickness immunity, AC +4, negative energy resistance 1, electricity
resistance, torment resistance 1, petrification resistance
a: no special abilities


You were on level 3 of the Dungeon.
You visited 1 branch of the dungeon, and saw 3 of its levels.

You collected 257 gold pieces.
You spent 80 gold pieces at shops.


Innate Abilities, Weirdness & Mutations

You are immune to sickness and miasma.
Your stone body is resilient. (AC +4)
You are immune to poison.
You resist negative energy. (rN+)
You are resistant to electric shocks. (rElec)
You are resistant to unholy torment.
You are immune to petrification.


   Skills:
 + Level 3.3 Fighting
 - Level 5.1 Axes
 - Level 3.2 Armour
 - Level 3.2 Shields


You had 4 spell levels left.
You didn't know any spells.
Your spell library was empty.

Inventory:

Hand Weapons
 l - a +0 flail
 Y - a +0 war axe of protection (weapon)
Armour
 b - a +0 scale mail (worn)
 c - a +0 buckler (worn)
 f - a +0 chain mail
Jewellery
 e - a ring of see invisible
Scrolls
 a - a scroll of teleportation {unknown}
 m - a scroll of fear {unknown}
 n - a scroll of silence {unknown}
Potions
 d - a potion of might
 g - a potion of curing {unknown}
 h - a potion of degeneration {unknown}
 i - a potion of haste
 j - 2 potions of heal wounds {unknown}
 k - a potion of brilliance {unknown}

Dungeon Overview and Level Annotations

Branches:
Dungeon (3/15)

Altars:
Cheibriados
Sif Muna
Trog

Shops:
D:2 (


Message History

The slug dart hits you but does no damage.
The dart slug launches a dart at you.
The slug dart hits you but does no damage.
The dart slug launches a dart at you.
The slug dart hits you but does no damage.
The dart slug launches a dart at you.
The slug dart hits you but does no damage.
The dart slug launches a dart at you.
The slug dart hits you but does no damage.
The dart slug launches a dart at you. The slug dart hits you.
The dart slug launches a dart at you. The slug dart hits you.
The dart slug launches a dart at you.
The slug dart hits you but does no damage.
The dart slug launches a dart at you. The slug dart hits you.
The dart slug launches a dart at you.
The slug dart hits you but does no damage.
The dart slug launches a dart at you.
The slug dart hits you but does no damage.
The dart slug launches a dart at you.
The slug dart hits you but does no damage.
The dart slug launches a dart at you.
The slug dart hits you but does no damage.
The dart slug launches a dart at you. The slug dart misses you.
The dart slug launches a dart at you. The slug dart hits you.
The dart slug launches a dart at you.
The slug dart hits you but does no damage.
The dart slug launches a dart at you.
The slug dart hits you but does no damage.
The dart slug launches a dart at you. The slug dart misses you.
The dart slug launches a dart at you. The slug dart hits you.
The dart slug launches a dart at you. The slug dart hits you.
You die...

## ##_## ##~~~## #~~~~~#
#~~w~~# #~~~~~# #.~~~.#
.#######...#############
.......@................
#######################.
#. #. #. ####
############# #. ...#
#...........# #. ##>#
#.#########.# #. #. #.#
#.# #.


You could see a dart slug.

Vanquished Creatures
  A scorpion (D:3)
  An orc wizard (D:3)
  A gnoll (D:3)
  2 adders
  A white imp (D:3)
  A worm (D:2)
  4 orcs (D:3)
  4 endoplasms (D:1)
  2 giant cockroaches (D:2)
  4 hobgoblins
  6 jackals (D:2)
  3 kobolds
  3 quokkas
  7 ball pythons
  8 bats
  4 frilled lizards
  5 goblins
  9 rats
66 creatures vanquished.

Notes
Turn   | Place    | Note
-------+----------+-------------------------------------------
     0 | D:1      | qw the Gargoyle Fighter began the quest for the Orb.
     0 | D:1      | Reached XP level 1. HP: 14/14 MP: 1/1
     0 | D:1      | 0 ||| qw: Version: 0.2-a-10-g399e6c4
     0 | D:1      | 0 ||| qw: Game counter: 432
     0 | D:1      | 0 ||| qw: Always use a shield: true
     0 | D:1      | 0 ||| qw: God list: Okawaru
     0 | D:1      | 0 ||| qw: Allow faded altars: false
     0 | D:1      | 0 ||| qw: Do Orc after D:15 true
     0 | D:1      | 0 ||| qw: Do second Lair branch before Depths: true
     0 | D:1      | 0 ||| qw: Lair rune preference: random
     0 | D:1      | 0 ||| qw: Plans: Normal, Zot:1-4, God:TSO, Crypt, Tomb,
                  | Pan, Slime:5, Hells, Abyss, Orb
     0 | D:1      | 0 ||| PLANNING D:1-11
   202 | D:1      | Reached skill level 2 in Axes
   354 | D:1      | Reached XP level 2. HP: 19/19 MP: 2/2
   617 | D:1      | 617 ||| Stepping ~*~*~tactically~*~*~ (stealth).
   931 | D:1      | Reached skill level 3 in Axes
   960 | D:1      | Reached XP level 3. HP: 18/23 MP: 3/3
  1157 | D:1      | 1157 ||| DROPPING amulet of magic regeneration.
  1158 | D:1      | 1158 ||| READING scroll labelled YCKIRI UGUDDE.
  1159 | D:1      | 1159 ||| READING scroll labelled IWAUL QOGOLUY.
  1160 | D:1      | 1160 ||| DRINKING 2 bubbling cyan potions.
  1261 | D:1      | 1261 ||| DROPPING potion of ambrosia.
  1332 | D:2      | 1332 ||| Stepping ~*~*~tactically~*~*~ (stealth).
  1423 | D:2      | 1423 ||| Stepping ~*~*~tactically~*~*~ (stealth).
  1428 | D:2      | 1428 ||| Stepping ~*~*~tactically~*~*~ (stealth).
  1429 | D:2      | 1429 ||| Stepping ~*~*~tactically~*~*~ (stealth).
  1597 | D:2      | 1597 ||| FLEEEEING.
  1598 | D:2      | 1598 ||| FLEEEEING.
  1599 | D:2      | 1599 ||| FLEEEEING.
  1600 | D:2      | 1600 ||| FLEEEEING.
  1601 | D:2      | 1601 ||| FLEEEEING.
  1602 | D:2      | 1602 ||| FLEEEEING.
  1603 | D:2      | 1603 ||| FLEEEEING.
  1604 | D:2      | 1604 ||| FLEEEEING.
  1607 | D:2      | 1607 ||| FLEEEEING.
  1608 | D:2      | 1608 ||| FLEEEEING.
  1609 | D:2      | 1609 ||| FLEEEEING.
  1613 | D:2      | 1613 ||| FLEEEEING.
  1614 | D:2      | 1614 ||| FLEEEEING.
  1615 | D:2      | 1615 ||| FLEEEEING.
  2077 | D:2      | Found Atiopytax's Antique Weapon Boutique.
  2086 | D:2      | 2086 ||| BUYING flail (80 gold).
  2086 | D:2      | Bought a flail for 80 gold pieces
  2086 | D:2      | 2086 ||| SHOPLISTING morningstar (92 gold, have 83).
  2086 | D:2      | 2086 ||| SHOPLISTING runed mace (138 gold, have 83).
  2086 | D:2      | 2086 ||| DROPPING +0 club.
  2258 | D:2      | Found a faded altar of an unknown god.
  2269 | D:2      | Reached XP level 4. HP: 27/28 MP: 4/4
  2290 | D:2      | 2290 ||| Stepping ~*~*~tactically~*~*~ (stealth).
  2291 | D:2      | 2291 ||| Stepping ~*~*~tactically~*~*~ (stealth).
  2293 | D:2      | 2293 ||| Stepping ~*~*~tactically~*~*~ (stealth).
  2705 | D:2      | 2705 ||| DROPPING ring of wizardry.
  2706 | D:2      | 2706 ||| READING scroll labelled ALUDEREIGE.
  2707 | D:2      | 2707 ||| READING scroll labelled KAECLEEMNA.
  2763 | D:2      | 2763 ||| READING scroll labelled IRUOCU YCRU.
  2930 | D:3      | 2930 ||| Stepping ~*~*~tactically~*~*~ (hiding).
  2931 | D:3      | 2931 ||| Stepping ~*~*~tactically~*~*~ (hiding).
  2934 | D:3      | Reached skill level 4 in Axes
  3072 | D:3      | 3072 ||| Stepping ~*~*~tactically~*~*~ (stealth).
  3185 | D:3      | Found a shimmering blue altar of Sif Muna.
  3192 | D:3      | Reached XP level 5. HP: 20/32 MP: 5/5
  3322 | D:3      | 3322 ||| Stepping ~*~*~tactically~*~*~ (stealth).
  3327 | D:3      | Found a bloodstained altar of Trog.
  3413 | D:3      | Reached skill level 5 in Axes
  3483 | D:3      | 3483 ||| Stepping ~*~*~tactically~*~*~ (stealth).
  3600 | D:3      | Found a snail-covered altar of Cheibriados.
  3803 | D:3      | HP: 7/32 [dart slug/slug dart (5)]
  3852 | D:3      | HP: 8/32 [dart slug/slug dart (2)]
  3858 | D:3      | HP: 5/32 [dart slug/slug dart (4)]
  3879 | D:3      | HP: 4/32 [dart slug/slug dart (3)]
  3893 | D:3      | HP: 2/32 [dart slug/slug dart (3)]
  3895 | D:3      | Killed from afar by a dart slug

Levels and vault maps discovered:
D:1:      roderic_chinese_lattice_arrival, layout_loops_cross
D:2:      layout_basic, serial_shops, shop, nicolae_ecumenical_snake_handling,
          minivault_5
D:3:      layout_loops_ring, nzn_overflow_gifts_of_might_and_magic,
          kennysheep_slug_shrine, nicolae_titane

Skill      XL: |  1  2  3  4  5 |
---------------+----------------+-----
Axes           | 2 3 4 5 |  5.1
Fighting       | |  3.3
Armour         | |  3.2
Shields        | |  3.2

Action                   |  1- 3 |  4- 6 || total
-------------------------+-------+-------++-------
Melee: War axe           |   148 |    71 ||   219
  Use: Scroll            |     2 |     3 ||     5
       Potion            |     1 |       ||     1
Armor: Scale mail        |    77 |    57 ||   134
Dodge: Dodged            |    53 |    52 ||   105
Block: Buckler           |    30 |    18 ||    48

Table legend:
 A = Non-vault XP
 B = Vault XP
 C = Vault XP percentage of total XP
 D = Non-vault monster count
 E = Vault monster count
 F = Vault count percentage of total count
                 A         B        C        D         E       F
            +---------+---------+-------+---------+---------+-------
      Total |     225 |      41 |  15.4 |      60 |       6 |   9.1
            +---------+---------+-------+---------+---------+-------
        D:1 |      39 |       0 |   0.0 |      25 |       0 |   0.0
        D:2 |      36 |      17 |  32.1 |      19 |       4 |  17.4
        D:3 |     150 |      24 |  13.8 |      16 |       2 |  11.1
            +---------+---------+-------+---------+---------+-------
